 Dungeon Crawl Stone Soup version 0.27-a0-1525-g1038ab4fd7 (webtiles) character file.

Game seed: 6569104560884833775

18 flotson the Skirmisher (level 2, -1/32 HPs)
             Began as an Ogre Delver on July 11, 2021.
             Slain by a quokka (2 damage)
             ... on level 2 of the Dungeon.
             The game lasted 00:03:33 (495 turns).

flotson the Skirmisher (Ogre Delver)                 Turns: 495, Time: 00:03:33

Health: -1/32      AC:  3    Str: 15    XL:     2   Next: 70%
Magic:  2/2        EV: 10    Int: 11    God:
Gold:   9          SH:  0    Dex: 10    Spells: 1/1 levels left

rFire    . . .     SeeInvis .   a - +0 hand axe
rCold    + . .     Faith    .   (no shield)
rNeg     . . .     Spirit   .   b - +0 robe
rPois    .         Reflect  .   (helmet restricted)
rElec    .         Harm     .   (no cloak)
rCorr    .         Rampage  .   (gloves unavailable)
Will     .....                  (boots unavailable)
Stlth    ++........             (no amulet)
HPRegen  0.10/turn              h - ring of protection from cold
MPRegen  0.08/turn              (no ring)

@: no status effects
A: large, unfitting armour, tough skin 1
a: no special abilities


You were on level 2 of the Dungeon.
You visited 1 branch of the dungeon, and saw 4 of its levels.

You collected 9 gold pieces.

Inventory:

Hand Weapons
 a - a +0 hand axe (weapon)
Armour
 b - a +0 robe (worn)
Jewellery
 h - a ring of protection from cold (left hand)
Wands
 g - a wand of digging (3)
Scrolls
 c - a scroll of fog
 d - a scroll of magic mapping
 e - a scroll of fear
 i - a scroll of enchant armour {unknown}
Potions
 j - a potion of brilliance {unknown}


   Skills:
 + Level 4.2 Fighting
 + Level 2.2 Axes
 + Level 0.5 Armour
 + Level 2.0 Dodging
 - Level 3.7 Stealth
 + Level 0.5 Evocations


You had one spell level left.
You didn't know any spells.
Your spell library was empty.

Dungeon Overview and Level Annotations

Branches:
Dungeon (5/15)
 Temple: D:4-7

Altars:
Zin

Shops:
D:4 =


Innate Abilities, Weirdness & Mutations

You are too large for most types of armour.
You have tough skin. (AC +1)


Message History

The quokka bites you.
* * * LOW HITPOINT WARNING * * *
You barely miss the quokka. The quokka completely misses you.
You completely miss the quokka. The quokka barely misses you.
The quokka completely misses you.
You closely miss the quokka. The quokka barely misses you.
You hit the quokka.
The quokka is lightly wounded.
The quokka closely misses you.
You barely miss the quokka.
The quokka is lightly wounded.
The quokka bites you.
* * * LOW HITPOINT WARNING * * *
The quokka barely misses you.
You hit the quokka but do no damage.
The quokka is lightly wounded.
The quokka barely misses you.
You hit the quokka but do no damage.
The quokka is lightly wounded.
The quokka completely misses you. The quokka bites you.
* * * LOW HITPOINT WARNING * * *
You closely miss the quokka.
The quokka is lightly wounded.
The quokka closely misses you.
You barely miss the quokka.
The quokka is lightly wounded.
The quokka completely misses you. The quokka misses you.
You closely miss the quokka.
The quokka is lightly wounded.
The quokka bites you.
* * * LOW HITPOINT WARNING * * *
You barely miss the quokka.
The quokka is lightly wounded.
The quokka barely misses you.
You barely miss the quokka.
The quokka is lightly wounded.
The quokka bites you.
* * * LOW HITPOINT WARNING * * *
The quokka bites you.
You die...

###............#
#><.....#.....##
#.##.$..##†...##
..........###....#
######....# ##...#
#.)..# #...#
#....# #...#
#....####...###.
.......@r........
#########...###..
#...# #####


You could see a quokka.

Vanquished Creatures
  2 dart slugs
  An orc (D:3)
  2 bats
  2 endoplasms
  A giant cockroach (D:3)
  A goblin (D:2)
  A hobgoblin (D:2)
  2 ball pythons (D:3)
12 creatures vanquished.

Notes
Turn   | Place    | Note
-------+----------+-------------------------------------------
     0 | D:5      | flotson the Ogre Delver began the quest for the Orb.
     0 | D:5      | Reached XP level 1. HP: 24/24 MP: 1/1
     8 | D:5      | Found a glowing silver altar of Zin.
    24 | D:5      | Noticed an ice beast
    28 | D:4      | Found Anoovuc's Jewellery Shoppe.
   322 | D:3      | Reached XP level 2. HP: 31/32 MP: 2/2
   495 | D:2      | HP: 1/32 [quokka (2)]
   495 | D:2      | Slain by a quokka

Illustrated notes

Levels and vault maps discovered:
D:2:      layout_rooms, minmay_gold_behind_fungi, corexii_leaking_fountain,
          serial_bayou_lagoon_a
D:3:      layout_basic, kennysheep_generic_room_12
D:4:      layout_basic, serial_shops, shop, shop_statue, nicolae_take_the_stairs
D:5:      lemuel_insect_pit, layout_loops_ring,
          mainiacjoe_overflow_six_doors_small, serial_shops,
          nicolae_diamond_shop, shop, nicolae_shop_crystal, shop_fountains

Skill      XL: |  1  2 |
---------------+-------+-----
Dodging        | 2 |  2.0
Fighting       | |  4.2
Axes           | |  2.2
Armour         | |  0.5
Stealth        | |  3.7
Evocations     | |  0.5

Action                   || total
-------------------------++-------
Melee: Hand axe          ||    60
  Use: Potion            ||     2
       Scroll            ||     1
Armor: Robe              ||    21
Dodge: Dodged            ||    45

Table legend: (Time is in decaauts)
 A = Elapsed time spent in this place.
 B = Non-inter-level travel time spent in this place.
 C = Inter-level travel time spent in this place.
 D = Time resting spent in this place.
 E = Time spent auto-exploring this place.
 F = Levels seen in this place.
 G = Mean time per level.
                   A        B        C        D        E       F      G
               +--------+--------+--------+--------+--------+-----+--------+
         Total |    487 |    479 |      8 |      0 |    243 |   4 |  121.8 |
       Dungeon |    487 |    479 |      8 |      0 |    243 |   4 |  121.8 |
               +--------+--------+--------+--------+--------+-----+--------+

Top non-repeatable levels by time:
     D:3: 276 daAuts
     D:2: 90 daAuts
     D:4: 67 daAuts
     D:5: 52 daAuts
